 Dungeon Crawl Stone Soup version 0.27.1-1-g398f81649c (webtiles) character file.

Game seed: 10458020796306203217

104622 MajorAdolf the Zephyrmancer (level 16, -7/127 HPs)
             Began as a Naga Wanderer on Sept 10, 2021.
             Was an Elder of Sif Muna.
             Shot with a bolt by a yaktaur captain (20 damage)
             ... on level 14 of the Dungeon.
             The game lasted 01:27:53 (57829 turns).

MajorAdolf the Zephyrmancer (Naga Wanderer)        Turns: 57829, Time: 01:27:53

Health: -7/127     AC: 20    Str: 13    XL:     16   Next: 39%
Magic:  0/31       EV:  7    Int: 19    God:    Sif Muna [****..]
Gold:   2012       SH: 13    Dex: 13    Spells: 26/37 levels left

rFire    + . .     SeeInvis +   h - staff of air
rCold    + . .     Faith    .   t - +2 kite shield
rNeg     . . .     Spirit   +   l - +2 leather armour {rC+}
rPois    +         Reflect  .   T - +2 helmet {SInv}
rElec    +         Harm     .   G - +2 cloak
rCorr    +         Rampage  .   w - +0 pair of gloves
Will     ++...                  v - +1 barding
Stlth    ++++......             H - amulet of guardian spirit
HPRegen  0.31/turn              M - ring of protection from fire
MPRegen  0.22/turn              P - ring of resist corrosion

@: very slow
A: AC +5, large, see invisible, deformed body, poison resistance, slowness 2,
spit poison 1, naga tail 2
a: Spit Poison, Renounce Religion, Channel Magic, Forget Spell, Divine Exegesis


You were on level 14 of the Dungeon.
You worshipped Sif Muna.
Sif Muna was greatly pleased with you.
You visited 4 branches of the dungeon, and saw 24 of its levels.
You visited the Abyss 1 time.
You also visited: Ice Cave.

You collected 2790 gold pieces.
You spent 778 gold pieces at shops.

Inventory:

Hand Weapons
 a - a +3 shortbow
 N - a +0 club
Missiles
 s - 408 arrows
 y - 5 javelins (quivered)
 C - 9 silver boomerangs
 O - 4 throwing nets
Armour
 l - a +2 leather armour of cold resistance (worn)
 t - a +2 kite shield (worn)
 v - a +1 barding (worn)
 w - a +0 pair of gloves (worn)
 B - a +1 leather armour of fire resistance
 G - a +2 cloak (worn)
 S - a scarf of resistance
 T - a +2 helmet of see invisible (worn)
Magical Staves
 h - a staff of air (weapon)
Jewellery
 b - a ring of positive energy
 x - a ring of magical power
 H - an amulet of guardian spirit (around neck)
 M - a ring of protection from fire (left hand)
 P - a ring of resist corrosion (right hand)
Wands
 e - a wand of paralysis (2)
 u - a wand of digging (12)
 z - a wand of iceblast (21)
 Q - a wand of charming (9)
 R - a wand of acid (7)
 U - a wand of polymorph (11)
 Z - a wand of mindburst (2)
Scrolls
 i - 5 scrolls of identify
 j - 3 scrolls of vulnerability
 k - 5 scrolls of magic mapping
 n - a scroll of summoning {unknown}
 o - a scroll of silence
 p - 2 scrolls of immolation
 q - 3 scrolls of amnesia
 A - 2 scrolls of fog
 D - a scroll of brand weapon {unknown}
 E - 4 scrolls of enchant armour
 I - 4 scrolls of enchant weapon
 J - a scroll of acquirement {unknown}
 X - a scroll of torment {unknown}
 Y - 3 scrolls of teleportation
Potions
 c - 6 potions of curing
 d - 7 potions of flight {unknown}
 f - 4 potions of cancellation {unknown}
 g - 4 potions of haste
 m - a potion of experience {unknown}
 r - 4 potions of attraction {unknown}
 F - a potion of might
 K - a potion of berserk rage
 L - 4 potions of brilliance
Miscellaneous
 W - a piece from Xom's chessboard (15/15)


   Skills:
 - Level 4.0 Fighting
 - Level 12.0 Staves
 - Level 3.0 Bows
 - Level 1.0 Throwing
 - Level 1.0 Dodging
 + Level 10.9 Stealth
 - Level 9.0 Shields
 + Level 11.0 Spellcasting
 + Level 13.9 Air Magic
 + Level 13.8 Evocations


You had 26 spell levels left.
You knew the following spells:

 Your Spells              Type           Power      Damage    Failure   Level
a - Swiftness             Air            76%        N/A       1%          3
b - Maxwell's Capacitive  Air            38%        ∞         88%         8

Your spell library contained the following spells:

 Spells                   Type           Power      Damage    Failure   Level
 Poisonous Vapours        Pois/Air       100%       N/A       1%          2
 Static Discharge         Conj/Air       53%        N/A       1%          2
 Mephitic Cloud           Conj/Pois/Air  42%        N/A       3%          3
 Animate Skeleton         Necr           20%        N/A       9%          1
 Pain                     Necr           40%        1d6       9%          1
 Sandblast                Erth           20%        2d7       9%          1
 Blink                    Tloc           N/A        N/A       13%         2
 Passwall                 Tmut/Erth      8%         N/A       13%         2
 Sublimation of Blood     Necr           5%         N/A       13%         2
 Lightning Bolt           Conj/Air       26%        1d42      14%         5
 Silence                  Hex/Air        26%        N/A       14%         5
 Call Canine Familiar     Summ           10%        N/A       26%         3
 Inner Flame              Hex/Fire       10%        N/A       26%         3
 Ozocubu's Armour         Ice            10%        N/A       26%         3
 Portal Projectile        Hex/Tloc       20%        N/A       26%         3
 Stone Arrow              Conj/Erth      20%        3d8       26%         3
 Teleport Other           Tloc           10%        N/A       26%         3
 Vampiric Draining        Necr           5%         2d6       26%         3
 Dispel Undead            Necr           10%        3d9       63%         4
 Fulminant Prism          Conj/Hex       5%         3d7       63%         4
 Hailstorm                Conj/Ice       10%        3d5       63%         4
 Ice Form                 Ice/Tmut       10%        N/A       63%         4
 Iskenderun's Mystic Bla  Conj/Tloc      10%        2d4       63%         4
 Leda's Liquefaction      Hex/Erth       5%         N/A       63%         4
 Summon Ice Beast         Ice/Summ       10%        N/A       63%         4
 Bolt of Magma            Conj/Fire/Erth 5%         4d5       93%         5
 Iskenderun's Battlesphe  Conj           10%        2d6       93%         5
 Lee's Rapid Deconstruct  Erth           5%         3d7*      93%         5
 Iron Shot                Conj/Erth      5%         9d2       100%        6
 Simulacrum               Ice/Necr       5%         N/A       100%        6
 Spellforged Servitor     Conj/Summ      5%         N/A       100%        7
 Polar Vortex             Ice            5%         N/A       100%        9
 Shatter                  Erth           5%         3d8*      100%        9


Dungeon Overview and Level Annotations

Branches:
Dungeon (15/15)            Temple (1/1) D:5            Lair (6/6) D:8
 Shoals (0/4) Lair:3       Spider (0/4) Lair:3        Slime (0/5) Lair:5
    Orc (2/2) D:12            Elf (0/3) Orc:2        Vaults (0/5) D:14
 Depths (0/5) D:15          IceCv (visited)

Altars:
Ashenzari
Cheibriados
Dithmenos
Elyvilon
Fedhas
Gozag
Hepliaklqana
Kikubaaqudgha
Makhleb
Nemelex Xobeh
Okawaru
Qazlal
Ru
Sif Muna
Trog
Uskayaw
Vehumet
Wu Jian
Xom
Yredelemnul
Zin
The Shining One

Shops:
D:1 =!*   D:5 *   Orc:2 *=*[

Annotations:
D:2 exclusion: downstairs
D:3 exclusion: downstairs
D:7 1 runed translucent door, DrBigBum's ghost, novice GnWr


Innate Abilities, Weirdness & Mutations

Your serpentine skin is tough. (AC +5)
You have supernaturally acute eyesight. (SInv)
Armour fits poorly on your strangely shaped body.
Your system is resistant to poisons. (rPois)
You cover ground very slowly.
You can spit poison.
You can use your snake-like lower body to constrict enemies.


Message History

A yaktaur is nearby!
A yaktaur comes into view.
Found a gate to the Vaults.
The yaktaur shouts! x2
The yaktaur wields a +0 arbalest.
The yaktaur shoots a bolt.
The bolt hits you!
A yaktaur captain comes into view.
Unknown command.
Press: ? - help, v - describe, . - travel, g - get item Item here: a crystal plate armour.
The floor.
Found 16 stones.
The yaktaur shoots a bolt.
You block the bolt.
The yaktaur captain wields a +0 arbalest.
The yaktaur captain shoots a bolt.
The bolt hits you!
The yaktaur wields a +0 arbalest.
The yaktaur shoots a bolt.
The bolt hits you!!
The yaktaur shoots a bolt.
The bolt hits you!
The yaktaur captain shoots a bolt.
The bolt hits you!!!
The yaktaur shoots a bolt.
You block the bolt.
The yaktaur shoots a bolt.
The bolt hits you!
You are too injured to fight recklessly!
You are too injured to fight recklessly!
You are too injured to fight recklessly!
Unknown command.
The yaktaur captain shoots a bolt.
You block the bolt.
The yaktaur unwields a +0 arbalest.
The yaktaur hits you but does no damage.
The yaktaur shoots a bolt.
You block the bolt.
Unknown command.
The yaktaur unwields a +0 arbalest.
The yaktaur hits you but does no damage. x2
The yaktaur captain shoots a bolt.
The bolt hits you!!
* * * LOW HITPOINT WARNING * * *
The yaktaur hits you but does no damage. x2
Unknown command.
Okay, then.
Okay, then.
As you read the scroll of fear, it crumbles to dust.
You assume a fearsome visage.
The yaktaur looks frightened! x2
The yaktaur captain resists with almost no effort.
The yaktaur captain shoots a bolt.
The bolt hits you!!
You die...

.####...## ## #####
#. .#### # ... ....#
#.#(# .....# ###....
.....# .#
#...#.###.....# .#
#.....#∩....... #
#.#.#.#cc....# .#
#.#....@.c...# .#
#.#..........# .#
##.#....[.##### >#
#........## .#
#.......#....
.########.......#.###
...............!#.#
.####.###.......#.#
.# #.# #.........


You could see a yaktaur captain and 2 yaktaurs.

Vanquished Creatures
  Gastronok (D:12)
  An orc warlord (Orc:2)
  Azrael (D:12)
  Josephine (D:13)
  Harold (Orc:1)
  An ogre mage (D:15)
  An ice dragon (Lair:2)
  Erolcha (D:13)
  3 boulder beetles
  7 hydras
  2 death knights
  3 catoblepae
  4 tengu warriors
  6 two-headed ogres
  5 centaur warriors
  7 death yaks
  A deep troll shaman (Lair:6)
  5 orc high priests
  A soul eater (Abyss:1)
  Nergalle (Lair:4)
  A hell knight (D:15)
  A deep troll (D:15)
  2 bog bodies (IceCv)
  7 orc knights
  2 necromancers (D:15)
  A lindwurm (Lair:6)
  2 deep elf pyromancers
  3 oklob plants (Lair:5)
  An ugly thing (D:11)
  4 manticores
  7 orc sorcerers
  3 cyclopes
  16 elephants
  Maurice (D:10)
  2 ice statues
  A rust devil (Abyss:1)
  3 smoke demons (Abyss:1)
  3 black mambas
  3 torpor snails
  10 cane toads
  A kobold demonologist (D:14)
  Maggie (D:6)
  3 rime drakes
  12 komodo dragons
  A freezing wraith (IceCv)
  An unseen horror (shapeshifter) (D:15)
  A tengu conjurer (D:13)
  3 yaktaurs (D:15)
  A jumping spider (shapeshifter) (D:13)
  A merfolk (shapeshifter) (D:15)
  5 polar bears
  8 trolls
  A large abomination (Abyss:1)
  9 slime creatures
  A hornet (D:9)
  Grinder (D:4)
  22 blink frogs
  2 shadows
  A centaur simulacrum (D:15)
  5 wraiths
  29 yaks
  4 vampires
  3 fire elementals (D:12)
  2 hogs (shapeshifter)
  5 basilisks
  5 death yak simulacra (IceCv)
  5 wyverns
  13 vampire mosquitoes (D:13)
  6 wargs
  3 harpy simulacra (IceCv)
  3 acid dragons
  2 hell hounds (D:12)
  19 water moccasins
  10 ice beasts
  25 orc warriors
  4 black bears
  3 necrophages
  10 ogres
  15 wolves
  15 centaurs
  2 phantoms
  4 kobold brigands
  2 scorpions
  18 bullfrogs
  9 two-headed ogre simulacra (IceCv)
  A cane toad simulacrum (IceCv)
  A water moccasin zombie (D:5)
  A water moccasin skeleton (D:4)
  11 killer bees
  3 wights
  3 electric eels
  2 howler monkeys (D:7)
  A quasit (Abyss:1)
  8 centaur zombies
  Crazy Yiuf (D:4)
  A bullfrog skeleton (D:5)
  13 orc priests
  4 small abominations (Abyss:1)
  3 hounds
  2 iron imps (Abyss:1)
  An iguana (D:6)
  24 orc wizards
  Natasha (thrice) (D:3 D:4 D:5)
  3 polar bear simulacra (IceCv)
  5 hell rats (Lair:4)
  A killer bee zombie (D:5)
  6 spriggan simulacra (IceCv)
  4 troll simulacra (IceCv)
  3 wolf simulacra (IceCv)
  5 adders
  11 gnolls
  4 naga simulacra (IceCv)
  12 white imps
  4 ufetubi (IceCv)
  2 worms
  2 dart slugs
  66 orcs
  11 endoplasms
  4 giant cockroaches
  9 hobgoblins
  3 jackals
  A quokka (D:2)
  14 ball pythons
  4 bats
  5 frilled lizards
  6 goblins
  A jackal skeleton (D:4)
  21 kobolds
  11 rats
723 creatures vanquished.

Vanquished Creatures (others)
  An unseen horror (D:12)
  2 orc priests (D:12)
  An orc (Orc:1)
  53 fungi
  65 plants
  4 withered plants (D:2)
126 creatures vanquished.

Grand Total: 849 creatures vanquished

Notes
Turn   | Place    | Note
-------+----------+-------------------------------------------
     0 | D:1      | MajorAdolf the Naga Wanderer began the quest for the Orb.
     0 | D:1      | MajorAdolf set off with the following items: a +2 shortbow,
                  | 25 arrows, a potion of curing, a potion of lignification, a
                  | +0 robe
     0 | D:1      | Reached XP level 1. HP: 22/22 MP: 1/1
   293 | D:1      | Found Gysihib's Jewellery Emporium.
   312 | D:1      | Reached XP level 2. HP: 30/30 MP: 2/2
   321 | D:1      | Found Zauduski's Distillery.
   974 | D:1      | Reached XP level 3. HP: 36/36 MP: 3/3
  1040 | D:1      | Found Hesicuipn's Assorted Antiques.
  1699 | D:2      | Found a shimmering altar of Xom.
  1947 | D:2      | Found a faded altar of an unknown god.
  2004 | D:2      | Reached skill level 1 in Air Magic
  2004 | D:2      | Reached skill level 1 in Evocations
  2589 | D:2      | Reached XP level 4. HP: 32/44 MP: 4/4
  4114 | D:2      | Reached XP level 5. HP: 27/50 MP: 5/5
  7211 | D:4      | Noticed an orc warrior
  7235 | D:3      | Reached XP level 6. HP: 56/57 MP: 6/6
  7446 | D:4      | Noticed Grinder
  7446 | D:4      | Noticed Natasha
  7655 | D:4      | Reached skill level 1 in Shields
  8105 | D:4      | Reached skill level 5 in Stealth
  8139 | D:3      | Reached XP level 7. HP: 13/64 MP: 7/7
  8575 | D:3      | Killed Natasha
  8579 | D:3      | Noticed Natasha
  8605 | D:4      | Killed Natasha
 10371 | D:5      | Entered Level 5 of the Dungeon
 10946 | D:5      | Reached XP level 8. HP: 53/72 MP: 8/8
 11539 | D:4      | Noticed Natasha
 11557 | D:5      | Killed Natasha
 11830 | D:5      | Found Turphod's General Store.
 12032 | D:5      | Found a staircase to the Ecumenical Temple.
 12325 | D:5      | Reached skill level 5 in Staves
 12510 | D:5      | Reached skill level 5 in Evocations
 13041 | D:6      | Reached skill level 5 in Air Magic
 13253 | D:6      | Reached XP level 9. HP: 78/78 MP: 9/9
 13389 | D:6      | Noticed Maggie
 14694 | Temple   | Entered the Ecumenical Temple
 15016 | Temple   | Became a worshipper of Sif Muna the Loreminder
 15184 | D:7      | Found a runed translucent door.
 15184 | D:7      | Found a shimmering altar of Xom.
 15184 | D:7      | Noticed DrBigBum's ghost (novice GnWr)
 15184 | D:7      | Noticed a +0 hand axe of chaos
 16656 | D:7      | Reached skill level 5 in Shields
 16661 | D:7      | Reached XP level 10. HP: 66/85 MP: 10/10
 17304 | D:8      | Found a staircase to the Lair.
 22993 | D:6      | Killed Maggie
 23141 | D:4      | Noticed Crazy Yiuf
 23141 | D:4      | Found a runed translucent door.
 23143 | D:4      | Killed Crazy Yiuf
 23229 | D:4      | Found a glowing golden altar of the Shining One.
 23235 | D:4      | Killed Grinder
 23358 | D:4      | Got Eczainwi's Guide on Orientation and Shape Shifting
 23774 | Lair:1   | Entered Level 1 of the Lair of Beasts
 24311 | D:1      | Bought an amulet of guardian spirit for 300 gold pieces
 25020 | Lair:1   | Reached XP level 11. HP: 90/92 MP: 12/12
 25080 | Lair:1   | Reached skill level 1 in Spellcasting
 25619 | Lair:2   | Reached * piety under Sif Muna
 25902 | Lair:2   | Noticed an ice dragon
 28517 | Lair:2   | Killed an ice dragon
 28756 | Lair:2   | Found the +4 Cigotuvi's embrace {rMiasma Drain rN+}
 28793 | Lair:2   | Reached XP level 12. HP: 99/99 MP: 17/17
 29644 | Lair:3   | Found a frozen archway.
 29653 | IceCv    | Entered an ice cave
 29797 | IceCv    | Reached ** piety under Sif Muna
 32530 | IceCv    | Identified the ring "Xoppa" {rF- EV+4 Int+4 Dex+4 Stlth+}
 32549 | IceCv    | Got the Compendium of Snow
 32792 | Lair:3   | Found a hole to the Spider Nest.
 32811 | Lair:3   | Found a staircase to the Shoals.
 32827 | Lair:3   | Noticed a boulder beetle
 33006 | Lair:3   | Reached skill level 5 in Spellcasting
 33283 | Lair:2   | Reached *** piety under Sif Muna
 34285 | Lair:3   | Killed a boulder beetle
 34286 | Lair:3   | Reached skill level 10 in Staves
 34355 | Lair:4   | Noticed a four-headed hydra
 34378 | Lair:4   | Killed a four-headed hydra
 34379 | Lair:4   | Reached skill level 10 in Air Magic
 34379 | Lair:4   | Reached skill level 10 in Evocations
 34837 | Lair:4   | Gained mutation: You can use your snake-like lower body to
                  | constrict enemies. [Naga growth]
 34837 | Lair:4   | Reached XP level 13. HP: 77/105 MP: 21/21
 35585 | Lair:4   | Noticed Nergalle
 35589 | Lair:4   | Killed Nergalle
 35680 | Lair:4   | Reached **** piety under Sif Muna
 37506 | Lair:5   | You fall into a shaft and drop 1 floor!
 37506 | Lair:6   | Entered Level 6 of the Lair of Beasts
 37898 | Lair:5   | Found a staircase to the Slime Pits.
 38990 | Lair:6   | Reached XP level 14. HP: 112/114 MP: 25/25
 42113 | D:9      | Found an ancient bone altar of Kikubaaqudgha.
 42115 | D:9      | Found an iron altar of Okawaru.
 42537 | D:10     | Entered Level 10 of the Dungeon
 42755 | D:10     | Found a burning altar of Makhleb.
 43137 | D:10     | Noticed Maurice
 43148 | D:10     | Killed Maurice
 45144 | D:12     | Noticed Azrael
 45342 | D:12     | Noticed Gastronok
 45433 | D:12     | Killed Gastronok
 45434 | D:12     | Reached XP level 15. HP: 86/120 MP: 27/28
 45911 | D:12     | Killed Azrael
 45991 | D:12     | Found a staircase to the Orcish Mines.
 46702 | D:13     | Noticed Josephine
 46708 | D:13     | Killed Josephine
 47222 | D:13     | Reached ***** piety under Sif Muna
 47379 | D:13     | Noticed Erolcha
 47381 | D:13     | Cast into level 1 of the Abyss (Erolcha)
 47426 | Abyss:1  | Received a gift from Sif Muna
 47431 | Abyss:1  | Got Sif Muna's Collected Works on Feathers {god gift}
 47751 | Abyss:1  | Noticed a balrug
 48123 | Abyss:1  | Noticed a lich
 48164 | Abyss:1  | Noticed a tentacled starspawn
 48241 | Abyss:1  | Noticed a cacodemon
 48543 | Abyss:1  | Paralysed by accursed screaming for 1 turns
 48614 | Abyss:2  | Noticed a tentacled starspawn
 48629 | D:13     | Escaped the Abyss
 48632 | D:13     | Killed Erolcha
 49068 | D:1      | Bought a potion of mutation for 80 gold pieces
 49410 | Orc:1    | Entered Level 1 of the Orcish Mines
 49951 | D:12     | Reached skill level 10 in Spellcasting
 50090 | Orc:1    | Noticed Harold
 50103 | Orc:1    | Killed Harold
 50838 | Orc:2    | Entered Level 2 of the Orcish Mines
 50850 | Orc:2    | Found a staircase to the Elven Halls.
 50999 | Orc:2    | Found Ajautroi's Armour Shop.
 50999 | Orc:2    | Found Luehoy's Assorted Antiques.
 51128 | Orc:2    | Noticed an orc warlord
 52161 | Orc:2    | Killed an orc warlord
 53106 | Orc:2    | Received a gift from Sif Muna
 53149 | Orc:2    | Paralysed by an orc sorcerer for 4 turns
 53181 | Orc:2    | Got Sif Muna's Volume of Evil Bewitchment {god gift}
 53473 | Orc:2    | Learned a level 3 spell: Swiftness
 54413 | Orc:2    | Found Vuecum's Assorted Antiques.
 54414 | Orc:2    | Found Pituhe's Jewellery Shoppe.
 54424 | Orc:2    | Bought a cyan potion for 26 gold pieces
 54424 | Orc:2    | Bought 2 red potions for 52 gold pieces
 54424 | Orc:2    | Bought a short copper wand for 116 gold pieces
 54435 | Orc:2    | Bought a scroll labelled OCHUSYU UCVAO for 24 gold pieces
 54435 | Orc:2    | Bought a scroll of immolation for 84 gold pieces
 54435 | Orc:2    | Bought a silver wand for 96 gold pieces
 54685 | D:13     | Learned a level 8 spell: Maxwell's Capacitive Coupling
 54957 | D:14     | You fall into a shaft and drop 1 floor!
 54957 | D:15     | Entered Level 15 of the Dungeon
 55021 | D:15     | Reached XP level 16. HP: 73/127 MP: 20/30
 55844 | D:15     | Reached skill level 10 in Stealth
 56080 | D:15     | Found a staircase to the Depths.
 56232 | D:15     | Found a stormy altar of Qazlal.
 56426 | D:15     | HP: 3/127 [two-headed ogre (13)]
 57822 | D:14     | Found a gate to the Vaults.
 57829 | D:14     | Shot with a bolt by a yaktaur captain

Illustrated notes

Levels and vault maps discovered:
D:1:      onia_arrival_mini_maze_b, layout_loops_cross, serial_shops,
          shop_coins, nicolae_shop_crystal, shop
D:2:      minmay_recursive_quarters, layout_basic, basic_altar,
          ebering_ecumenical_altar_petrified, minmay_misc_feat_pillars,
          chequers_jeans, amcnicky_mini_pool_small, minivault_19
D:3:      layout_rooms
D:4:      layout_rooms, nicolae_overflow_crystal_walls, uniq_crazy_yiuf_cottage,
          uniq_grinder, uniq_natasha
D:5:      layout_loops_ring, minmay_temple_entry_from_below_b, serial_shops,
          nicolae_shop_temple_entry_statues_fountains
D:6:      cheibrodos_iron_armory, layout_basic, uniq_maggie
D:7:      layout_gridville, ebering_ghost_xom, kennysheep_generic_room_15
D:8:      layout_loops_ring, lair_entry_dummy, nicolae_wand_duel,
          kennysheep_generic_room_5
D:9:      layout_basic, gammafunk_temple_overflow_statue, minivault_19,
          minmay_quadrilaterals
D:10:     layout_roguey, lemuel_doored_altar, serial_co_window_serial,
          co_window_paths_a, co_window_cross_1, co_window_paths_a,
          co_window_corner_a, co_window_paths_a, co_window_2corner,
          co_window_2corner, co_window_cross_3, glass_columns_a,
          glass_columns_b, kennysheep_pointless_box, grunt_decor_resistance,
          uniq_maurice
D:11:     layout_cave_pools, grunt_ministairs_15
D:12:     layout_rooms, david_orc_3, hellmonk_bongcloud_opening, uniq_gastronok,
          uniq_azrael
D:13:     layout_irregular_city, uniq_josephine, uniq_erolcha
D:14:     layout_loops_ring, david_vaults_2, minmay_misc_feat_room,
          ebering_ghost_funeral_grove
D:15:     hangedman_depths_entry_civil_slaughter, layout_gridville,
          grunt_qazlal_clouds
Temple:   dpeg_five_rooms_temple
Lair:1:   layout_loops_ring, nicolae_lair_grove_arrangements, wad_woods_river_02
Lair:2:   layout_cellular_growth, ice2_lemuel, infiniplex_staircase_pool,
          lemuel_fruit_tree
Lair:3:   layout_regular_city, shoals_dummy_entry, spider_nest_entry_web_field,
          portal_ice_cave_entry_pillars_1
Lair:4:   layout_long_grid, hangedman_lair_generics_rect, serial_bayou_shore_b,
          uniq_nergalle
Lair:5:   layout_gridlike, minmay_slime_entry_oklob_enclosed
Lair:6:   grunt_lair_end_beastmaster, layout_small_grid, serial_bayou,
          serial_bayou_pond_e, serial_bayou_shore_a, serial_bayou_shore_b,
          serial_bayou_pond_e, serial_bayou_crossing,
          grunt_forest_small_clearings, chequers_serial_rivers_large_b
Orc:1:    layout_diamond_mine, uniq_harold
Orc:2:    st_orc_elflike, layout_caves, nicolae_orc_stony_grotto

Skill      XL: |  1  2  3  4  5  6  7  8  9 10 11 12 13 14 15 16 |
---------------+-------------------------------------------------+-----
Bows           | 2 3 |  3.0
Stealth        | 2 3 4 5 9 10 | 10.9
Air Magic      | 1 2 3 5 6 7 9 10 11 12 13 | 13.9
Evocations     | 1 2 3 5 6 7 9 10 11 12 13 | 13.8
Staves         | 2 3 4 5 6 8 9 10 11 12 | 12.0
Shields        | 1 2 3 5 6 7 8 9 |  9.0
Spellcasting   | 3 5 7 9 10 11 | 11.0
Fighting       | |  4.0
Throwing       | |  1.0
Dodging        | |  1.0

Action                   |  1- 3 |  4- 6 |  7- 9 | 10-12 | 13-15 | 16-18 || total
-------------------------+-------+-------+-------+-------+-------+-------++-------
Melee: Club              |     2 |       |       |       |       |       ||     2
       Staff             |    76 |   203 |   421 |  1051 |  1308 |   177 ||  3236
       Constrict         |       |       |       |       |   198 |    26 ||   224
 Fire: Shortbow          |     1 |       |       |       |       |       ||     1
       Hunting sling     |       |     2 |       |       |       |       ||     2
Throw: Javelin           |       |     9 |    12 |     3 |     6 |       ||    30
 Cast: Swiftness         |       |       |       |       |     1 |       ||     1
 Abil: Spit Poison       |    28 |    44 |    50 |    34 |     3 |       ||   159
Evoke: Wand              |       |       |       |    52 |    32 |     9 ||    93
       Piece from Xom's  |       |       |       |     3 |     7 |       ||    10
  Use: Potion            |       |     2 |       |     4 |     4 |     3 ||    13
       Scroll            |       |     1 |     5 |    10 |    13 |     3 ||    32
 Stab: Sleeping          |     3 |       |     1 |     8 |     6 |     5 ||    23
       Confused          |       |       |       |     1 |       |       ||     1
       Distracted        |       |       |       |       |     1 |       ||     1
       Paralysed         |       |       |       |       |     7 |     5 ||    12
Armor: Robe              |    15 |    59 |    56 |       |       |       ||   130
       Skin              |       |    26 |       |     4 |       |       ||    30
       Leather armour    |       |       |   149 |   413 |   665 |    91 ||  1318
Dodge: Dodged            |    33 |    76 |    97 |   224 |   314 |    31 ||   775
Block: Kite shield       |       |    52 |   179 |   448 |   649 |    76 ||  1404
